 Dungeon Crawl Stone Soup version 0.26.1-11-gd32895ea62 (webtiles) character file.

Game seed: 17247405378292818629

204 Zeld the Twirler (level 5, 0/34 HPs)
             Began as an Octopode Gladiator on May 19, 2021.
             Slain by an ogre
             ... wielding a +0 giant club
              (17 damage)
             ... on level 4 of the Dungeon.
             The game lasted 00:04:16 (3829 turns).

Zeld the Twirler (Octopode Gladiator)               Turns: 3829, Time: 00:04:16

Health: 0/34       AC:  1    Str: 14    XL:     5   Next: 82%
Magic:  5/5        EV: 14    Int: 10    God:
Gold:   175        SH:  0    Dex: 14    Spells: 4/4 levels left

rFire    . . .     SeeInvis .   a - +0 quarterstaff
rCold    . . .     Faith    .   (shield currently unavailable)
rNeg     . . .     Spirit   .   b - +0 hat
rPois    .         Reflect  .   (no amulet)
rElec    .         Harm     .   (no ring)
rCorr    .         Rampage  .   (no ring)
Will     .....                  (no ring)
Stlth    +++.......             (no ring)
HPRegen  0.11/turn              (no ring)
MPRegen  0.09/turn              (no ring)
                                (no ring)
                                (no ring)

@: no status effects
A: almost no armour, stealthy swim, amphibious, 8 rings, constrict 8, camouflage
1, gelatinous body 1
a: no special abilities


You were on level 4 of the Dungeon.
You visited 1 branch of the dungeon, and saw 4 of its levels.

You collected 175 gold pieces.

Inventory:

Hand Weapons
 a - a +0 quarterstaff (weapon)
Missiles
 c - 3 throwing nets (quivered)
Armour
 b - a +0 hat (worn)
Jewellery
 l - an uncursed ring of fire {unknown}
 n - an uncursed amulet of guardian spirit {unknown}
Scrolls
 f - a scroll of magic mapping {unknown}
 h - 4 scrolls of identify {unknown}
 k - a scroll of enchant weapon {unknown}
 m - a scroll of remove curse {unknown}
Potions
 d - a potion of flight {unknown}
 e - a potion of brilliance {unknown}
 g - a potion of attraction {unknown}
 i - a potion of heal wounds {unknown}
 j - 2 potions of curing {unknown}
 o - a potion of ambrosia {unknown}


   Skills:
 - Level 2.0 Fighting
 * Level 4.9 Staves
 * Level 4.3 Throwing
 - Level 3.0 Dodging


You had 4 spell levels left.
You didn't know any spells.
Your spell library was empty.

Dungeon Overview and Level Annotations

Branches:
Dungeon (4/15)
 Temple: D:4-7

Altars:
Ashenzari
Gozag
Makhleb


Innate Abilities, Weirdness & Mutations

You cannot wear most types of armour.
You are very stealthy in the water. (Stealth+)
You are amphibious.
You can wear up to eight rings at the same time.
You can use your tentacles to constrict eight enemies at once.
Your skin changes colour to match your surroundings (Stealth+).
Your rubbery body absorbs attacks. (AC +1, EV +1)


Message History

The ogre barely misses you.
You hit the ogre but do no damage.
The ogre is moderately wounded.
The ogre hits you with a +0 giant club!!
Ouch! That really hurt!
You are too injured to fight recklessly!
The jackal barely misses you. The jackal misses you.
The ogre hits the plant with a +0 giant club!
The plant begins to die.
The ogre hits the plant with a +0 giant club!!
The ogre hits the plant with a +0 giant club.
A nearby plant withers and dies.
A giant cockroach comes into view.
A jackal comes into view.
The giant cockroach waves its antennae.
The jackal closely misses you.
The jackal splashes around in the water.
The ogre hits you with a +0 giant club!
Ouch! That really hurt!
You die...

.. ... .... ##...
#.....###
##.....#############
.g........h.........#
≈≈≈≈≈≈≈≈≈≈≈BhO≈≈...P#
≈≈≈≈≈≈≈≈≈≈≈≈≈@≈≈....#
≈≈≈≈≈≈≈≈≈#####≈≈....#
.........#.g.#≈≈....#
##########...#≈≈....#
#'###≈≈....#
..#.≈≈≈....#
.###.≈≈≈....# #
#.≈≈≈....# #.≈≈≈..P.#


You could see an ogre, 2 jackals and a giant cockroach.

Vanquished Creatures
  A hound (D:3)
  An orc wizard (D:4)
  A worker ant (D:4)
  5 adders
  2 worms (D:2)
  A dart slug (D:2)
  2 orcs (D:3)
  9 bats
  5 giant cockroaches
  7 goblins
  6 hobgoblins
  12 jackals
  A quokka (D:2)
  A ball python (D:1)
  5 frilled lizards
  4 kobolds
  A leopard gecko skeleton (D:4)
  7 rats
71 creatures vanquished.

Vanquished Creatures (others)
  A plant (D:4)
1 creature vanquished.

Grand Total: 72 creatures vanquished

Notes
Turn   | Place    | Note
-------+----------+-------------------------------------------
     0 | D:1      | Zeld the Octopode Gladiator began the quest for the Orb.
     0 | D:1      | Reached XP level 1. HP: 14/14 MP: 1/1
    15 | D:1      | You fall into a shaft and drop 1 floor!
   118 | D:2      | Reached XP level 2. HP: 13/19 MP: 2/2
   461 | D:1      | You fall into a shaft and drop 1 floor!
   567 | D:2      | Reached XP level 3. HP: 19/24 MP: 3/3
  1746 | D:2      | Reached XP level 4. HP: 29/29 MP: 4/4
  2521 | D:3      | Reached XP level 5. HP: 34/34 MP: 5/5
  2524 | D:3      | Found a burning altar of Makhleb.
  3061 | D:3      | Found an opulent altar of Gozag.
  3063 | D:3      | Found a broken altar of Ashenzari.
  3786 | D:4      | Noticed an ogre
  3829 | D:4      | Slain by an ogre

Illustrated notes

Levels and vault maps discovered:
D:1:      erik_arrival_blinker_ship, layout_basic
D:2:      layout_basic, roderic_three_in_a_row
D:3:      layout_basic, nicolae_overflow_hidden_temple, makhleb_heckhound_becter
D:4:      lemuel_castle_with_subvaults [lemuel_castle_interior_carwin_2],
          layout_cave_pools, minmay_checkerbox, uniq_crazy_yiuf_cottage

Skill      XL: |  1  2  3  4  5 |
---------------+----------------+-----
Throwing       | 3 4 |  4.3
Staves         | 4 |  4.9
Fighting       | |  2.0
Dodging        | |  3.0

Action                   |  1- 3 |  4- 6 || total
-------------------------+-------+-------++-------
Melee: Quarterstaff      |    68 |    77 ||   145
       Tentacles         |    16 |    12 ||    28
       Constrict         |    12 |    21 ||    33
 Stab: Sleeping          |     7 |     3 ||    10
Armor: Skin              |     5 |     4 ||     9
Dodge: Dodged            |    40 |    68 ||   108
